 Dungeon Crawl Stone Soup version 0.21-a0-270-g8204059 (webtiles) character file.

4 tidbits the Insei (level 1, 0/15 HPs)
             Began as a Demigod Transmuter on Sept 14, 2017.
             Slain by a kobold (2 damage)
             ... on level 1 of the Dungeon.
             The game lasted 00:01:37 (112 turns).

tidbits the Insei (Demigod Transmuter)               Turns: 112, Time: 00:01:37

Health: 0/15       AC:  2    Str: 13    XL:     1   Next: 46%
Magic:  4/5        EV: 12    Int: 17    God:
Gold:   14         SH:  0    Dex: 16    Spells: 3/4 levels left

rFire    . . .     SeeInvis .   e - +0 short sword
rCold    . . .     Gourm    .   (no shield)
rNeg     . . .     Faith    .   b - +0 robe
rPois    .         Spirit   .   (no helmet)
rElec    .         Reflect  .   (no cloak)
rCorr    .         Harm     .   (no gloves)
MR       .....                  (no boots)
Stlth    +.........             (no amulet)
HPRegen  0.05/turn              (no ring)
MPRegen  0.09/turn              (no ring)

@: appendage (expiring), very slightly contaminated
A: horns 2, high mp 1
a: End Transformation


You were on level 1 of the Dungeon.
You were not hungry.
You had grown temporary horns.
You visited 1 branch of the dungeon, and saw 1 of its levels.

You collected 14 gold pieces.

Inventory:

Hand Weapons
 e - a +0 short sword (weapon)
Missiles
 a - 12 arrows
 f - 29 stones (quivered)
 g - 5 curare-tipped needles
Armour
 b - a +0 robe (worn)
Books
 c - a book of Changes

   Spells                             Type                      Level
   a - Beastly Appendage              Transmutation                1
   b - Sticks to Snakes               Transmutation                2
   c - Spider Form                    Transmutation/Poison         3
   d - Ice Form                       Ice/Transmutation            4
   e - Blade Hands                    Transmutation                5
Comestibles
 d - a bread ration


   Skills:
 - Level 0.8 Fighting
 - Level 1.7 Dodging
 - Level 2.6 Unarmed Combat
 + Level 2.0 Spellcasting
 + Level 2.0 Transmutations


You had 3 spell levels left.
You knew the following spells:

 Your Spells              Type           Power        Failure   Level  Hunger
e - Beastly Appendage     Tmut           #.....       9%          1    #......


Dungeon Overview and Level Annotations

Branches:
Dungeon (1/15)


Innate Abilities, Weirdness & Mutations

You have an increased reservoir of magic. (+10% MP)
You have a pair of horns on your head.


Message History

Your transformation is almost over.
You now have 14 gold pieces.
A rat comes into view.
A frilled lizard and a kobold come into view.
The kobold shouts!
The kobold throws a stone.
The stone hits you but does no damage.
You see here a stone.
Casting: Beastly Appendage
Confirm with . or Enter, or press ? or * to list all spells.
You extend your transformation's duration.
Your transformation is almost over.
The kobold throws a stone.
The stone closely misses you. The kobold hits you with a short sword.
You hit the kobold but do no damage. The kobold misses you.
You hit the kobold but do no damage. The kobold barely misses you.
The kobold hits you with a short sword.
You barely miss the kobold. The kobold hits you but does no damage.
You hit the kobold.
You kill the kobold!
Your horns disappear.
You hit the rat.
You kill the rat!
Casting: Beastly Appendage
Confirm with . or Enter, or press ? or * to list all spells.
You grow a pair of large bovine horns.
Your transformation is almost over.
You barely miss the frilled lizard. The frilled lizard barely misses you.
You barely miss the frilled lizard. You headbutt the frilled lizard.
You kill the frilled lizard!
Things that are here:
a short sword; a stone Saving game... please wait.
Welcome back, tidbits the Demigod Transmuter.
Press ? for a list of commands and other information.
Found 24 stones.
Found a scale mail.
Your horns disappear.
You see here 24 stones.
f - 24 stones
Found 5 curare-tipped needles.
Found a hand axe.
You see here 5 curare-tipped needles.
g - 5 curare-tipped needles A kobold comes into view.
It is wielding a whip.
The kobold shouts!
The kobold throws a stone.
The stone hits you.
You see here a stone.
Casting: Beastly Appendage
Confirm with . or Enter, or press ? or * to list all spells.
You don't know that spell.
Casting: Beastly Appendage
Confirm with . or Enter, or press ? or * to list all spells.
Your feet morph into talons.
You completely miss the kobold. You claw the kobold.
The kobold is moderately wounded.
The kobold barely misses you.
You hit the kobold.
You kill the kobold!
Your transformation is almost over.
f - 29 stones (gained 5)
You see here a whip.
A goblin comes into view.
Your talons disappear.
Casting: Beastly Appendage
Confirm with . or Enter, or press ? or * to list all spells.
You miscast Beastly Appendage.
You are very lightly contaminated with residual magic.
Nothing appears to happen.
The goblin shouts!
Casting: Beastly Appendage
Confirm with . or Enter, or press ? or * to list all spells.
You grow a pair of large bovine horns.
You barely miss the goblin. The goblin hits you.
You closely miss the goblin. The goblin hits you.
A kobold comes into view.
The kobold shouts!
You hit the goblin.
You kill the goblin!
Your Spellcasting skill increases to level 2!
Your Transmutations skill increases to level 2!
You hear a shout!
The kobold throws a stone.
The stone closely misses you.
The kobold throws a stone.
The stone barely misses you.
You see here a stone.
The kobold hits you.
* * * LOW HITPOINT WARNING * * *
Found a short sword.
You hit the kobold but do no damage. The kobold closely misses you.
You hit the kobold but do no damage.
Your transformation is almost over.
The kobold hits you but does no damage.
You hit the kobold but do no damage. The kobold closely misses you.
You hit the kobold but do no damage. The kobold hits you.
* * * LOW HITPOINT WARNING * * *
You hit the kobold but do no damage. The kobold hits you.
* * * LOW HITPOINT WARNING * * *
You hit the kobold but do no damage. The kobold hits you.
* * * LOW HITPOINT WARNING * * *
You hit the kobold but do no damage. The kobold hits you.
You die...

##. .# #. .# ... .. .
.... # #.. .#.#.#.#.#
#..)......... #..
..#..#.#.#.#... ..
#..##..#.#.......# .#
#.....)....K#..# .#
#..##..#....@..# .#
#..#...######(## .#
#..#.....# #(# .#
#..#.###.# #.# .#
#......#.####.##.# .#
#......#.........#
.####.............####
..........)########
.#####.............


You could see a kobold.

Vanquished Creatures
  A goblin (D:1)
  A bat (D:1)
  A frilled lizard (D:1)
  2 kobolds (D:1)
  A rat (D:1)
6 creatures vanquished.

Notes
Turn   | Place    | Note
-------+----------+-------------------------------------------
     0 | D:1      | tidbits the Demigod Transmuter began the quest for the Orb.
     0 | D:1      | Reached XP level 1. HP: 15/15 MP: 5/5
   103 | D:1      | Reached skill level 2 in Spellcasting
   103 | D:1      | Reached skill level 2 in Transmutations
   112 | D:1      | Slain by a kobold

Vault maps used:
D:1:      saegor_arrival_simple_c, minivault_26, hex_medium, minmay_pentomino_o2

Skill      XL: |  1 |
---------------+----+-----
Spellcasting   | 2 |  2.0
Transmutations | 2 |  2.0
Fighting       | |  0.8
Dodging        | |  1.7
Unarmed Combat | |  2.6

Action                   || total
-------------------------++-------
Melee: Short sword       ||    21
       Kick              ||     1
       Headbutt          ||     1
 Cast: Beastly Appendage ||     5
Armor: Robe              ||     2
Dodge: Dodged            ||    11

Table legend:
 A = Spawn XP
 B = Non-spawn XP
 C = Spawn XP percentage of total XP
 D = Spawn monster count
 E = Non-spawn monster count
 F = Spawn count percentage of total count
 G = Total turns spent on level
                    A         B        C        D         E        F      G
               +---------+---------+-------+---------+---------+-------+---------
         Total |       0 |       7 |   0.0 |       0 |       6 |   0.0 |   112
               +---------+---------+-------+---------+---------+-------+---------
           D:1 |       0 |       7 |   0.0 |       0 |       6 |   0.0 |   112
               +---------+---------+-------+---------+---------+-------+---------

Table legend:
 A = Turns spent in this place as a percentage of turns spent in the entire game.
 B = Non-inter-level travel turns spent in this place as a percentage of non-inter-level travel turns spent in the entire game.
 C = Inter-level travel turns spent in this place as a percentage of turns spent in this place.
 D = Turns resting spent in this place as a percentage of non-inter-level travel turns spent in this place.
 E = Turns spent auto-exploring this place as a percentage of non-inter-level travel turns spent in this place.
 F = Non-inter-level travel turns spent in this place divided by the number of levels of this place that you've seen.
                   A       B       C       D       E      F
               +-------+-------+-------+-------+-------+----------------------
         Total | 100.0 | 100.0 |   0.0 |   0.0 |   0.0 | 112.0
       Dungeon | 100.0 | 100.0 |   0.0 |   0.0 |   0.0 | 112.0
               +-------+-------+-------+-------+-------+----------------------

Table legend:
 A = Kills in this place as a percentage of kills in entire the game.
 B = Kills by you in this place as a percentage of kills by you in the entire game.
 C = Kills by friends in this place as a percentage of kills by friends in the entire game.
 D = Other kills in this place as a percentage of other kills in the entire game.
 E = Experience gained in this place as a percentage of experience gained in the entire game.
 F = Experience gained in this place divided by the number of levels of this place that you have seen.
                   A       B       C       D       E      F
               +-------+-------+-------+-------+-------+----------------------
         Total | 100.0 | 100.0 |   N/A |   N/A | 100.0 |   7.0
       Dungeon | 100.0 | 100.0 |   N/A |   N/A | 100.0 |   7.0
               +-------+-------+-------+-------+-------+----------------------

Vault maps used:
D:1:      saegor_arrival_simple_c, minivault_26, hex_medium, minmay_pentomino_o2
